 Dungeon Crawl Stone Soup version 0.18.1-48-g4cf74bf (webtiles) character file.

16 Joat the Charmwright (level 2, 0/15 HPs)
             Began as a Vine Stalker Skald on Sept 4, 2016.
             Slain by a worm (7 damage)
             ... on level 2 of the Dungeon.
             The game lasted 00:03:41 (970 turns).

Joat the Charmwright (Vine Stalker Skald)            Turns: 970, Time: 00:03:42

Health: 0/15       AC:  6    Str: 18    XL:     2   Next: 58%
Magic:  0/6        EV:  9    Int: 12    God:
Gold:   35         SH:  0    Dex: 13    Spells: 1 memorised, 4 levels left

rFire  . . .     SeeInvis .     a - +0 mace
rCold  . . .     Gourm    .     i - +0 scale mail
rNeg   . . .     Faith    .     (no shield)
rPois  .         Spirit   +     (no helmet)
rElec  .         Dismiss  .     (no cloak)
rCorr  .         Reflect  .     (no gloves)
SustAt .         Harm     .     (no boots)
MR     .....                    (no amulet)
Stlth  ..........               (no ring)
                                j - +4 ring of strength

@: infused, not resistant to hostile enchantments, extremely unstealthy
A: fangs 2, regeneration 1, magic shield, antimagic bite, no device heal 3, rot
immunity
a: no special abilities


You were on level 2 of the Dungeon.
You were not hungry.

You visited 1 branch of the dungeon, and saw 2 of its levels.

You collected 35 gold pieces.

Inventory:

Hand Weapons
 a - a +0 mace (weapon)
Armour
 b - a +0 leather armour
 h - a +0 ring mail
 i - a +0 scale mail (worn)
Jewellery
 j - a +4 ring of strength (left hand)
Scrolls
 f - a scroll of teleportation {unknown}
 g - a scroll of fear {unknown}
 k - 2 scrolls of fog {unknown}
Potions
 e - a potion of berserk rage {unknown}
Books
 c - a book of Battle

   Spells                             Type                      Level
   a - Infusion                       Charms                       1
   b - Shroud of Golubria             Charms/Translocation         2
   c - Song of Slaying                Charms                       2
   d - Spectral Weapon                Hexes/Charms                 3
   e - Regeneration                   Charms/Necromancy            3
Comestibles
 d - a bread ration
 l - a chunk of flesh


   Skills:
 + Level 2.0 Fighting
 * Level 2.2 Maces & Flails
 + Level 1.1 Armour
 - Level 1.0 Dodging
 - Level 2.1 Spellcasting
 - Level 3.0 Charms


You had 4 spell levels left.
You knew the following spells:

 Your Spells              Type           Power        Failure   Level  Hunger
a - Infusion              Chrm           #...         28%         1    ##.....


Dungeon Overview and Level Annotations

Branches:
Dungeon (2/15)

Altars:


Innate Abilities, Weirdness & Mutations

You have extremely sharp teeth.
Your natural rate of healing is unusually fast.
When hurt, damage is shared between your health and your magic reserves.
Your bite disrupts and absorbs the magic of your enemies.
Potions and wands cannot restore your health.
You are immune to rotting.


Message History

The bat hits you but does no damage. The bat hits you but does no damage.
The bat barely misses you. The bat hits you.
There is an open door here.
The bat hits you. The bat barely misses you.
Casting: Infusion
Confirm with . or Enter, or press ? or * to list all spells.
You begin infusing your attacks with magical energy.
The bat closely misses you. The bat barely misses you.
The bat hits you but does no damage. The worm bites you.
There is an open door, spattered with blood here.
You barely miss the worm. Your bite misses the worm.
The bat closely misses you.
You hit the worm.
The worm is moderately wounded.
The bat hits you but does no damage. The worm bites you!
You die...

....##
#..##
##..<##
#.....#
##....#
##.#.......
#.#######.
#.# ##@##
##.wb##
##.....##
##.......##
#.........#
+.........+
#.........#
##.......##
##.....##


You could see a worm and a bat.

Vanquished Creatures
  A dart slug (D:2)
  A ball python (D:1)
  3 bats (D:1)
  2 giant cockroaches (D:1)
  3 goblins (D:1)
  3 rats (D:1)
13 creatures vanquished.

Notes
Turn   | Place    | Note
--------------------------------------------------------------
     0 | D:1      | Joat the Vine Stalker Skald began the quest for the Orb.
     0 | D:1      | Reached XP level 1. HP: 11/11 MP: 4/4
    28 | D:1      | Reached skill level 1 in Armour
    80 | D:1      | Reached skill level 1 in Dodging
   114 | D:1      | Reached XP level 2. HP: 15/15 MP: 6/6
   970 | D:2      | Slain by a worm

Skill      XL: |  1  2 |
---------------+-------+-----
Armour         | 1 |  1.1
Dodging        | 1 |  1.0
Maces & Flails | 2 |  2.2
Fighting       | 2 |  2.0
Spellcasting   | |  2.1
Charms         | |  3.0

Action                   || total
-------------------------++-------
Melee: Mace              ||    36
       Bite              ||     7
 Cast: Infusion          ||     3
Armor: Leather armour    ||     8
       Scale mail        ||    11
       Ring mail         ||     6
Dodge: Dodged            ||    28
